[Event "RUS-chT Rapid Men 2018"]
[Site "Sochi"]
[Date "2018.10.08"]
[Round "5"]
[White "Chos, Alexey"]
[Black "Gogolev, Artem"]
[Result "1-0"]
[ECO "B29"]
[WhiteElo "2296"]
[BlackElo "2389"]
[Annotator "NA"]
[PlyCount "59"]
[EventDate "2018.10.05"]
[EventType "swiss"]
[EventCountry "RUS"]
[SourceTitle "playchess.com"]
[Source "ChessBase"]
[SourceQuality "1"]
[TimeControl "900+10"]

1. e4 c5 2. Nf3 Nf6 3. Nc3 d5 4. exd5 Nxd5 5. Bc4 Nxc3 6. bxc3 Nc6 7. O-O e6 8. d4 Be7 9. Qe2 Qc7 10. Rd1 O-O 11. Be3 b6 12. d5 exd5 13. Bxd5 Bb7 14. Ng5 Na5 15. Qg4 Bxd5 16. Rxd5 Rad8 17. Rad1 Rxd5 18. Rxd5 Rd8 19. Qe4 Bxg5 20. Bxg5 Rf8 21. h4 Qc6 22. c4 h6 23. Bd2 Re8 24. Qd3 Qa4 25. Bc3 Qxc4 26. Qg3 g6 27. Re5 Rxe5 28. Qxe5 Kf8 29. Qd6+ Ke8 30. Bf6 1-0

[Event "RUS-chT Rapid Men 2018"]
[Site "Sochi"]
[Date "2018.10.08"]
[Round "5"]
[White "Nazaretyan, Tigran"]
[Black "Kuzmin, Roman"]
[Result "1-0"]
[ECO "D91"]
[WhiteElo "2248"]
[BlackElo "2127"]
[Annotator "NA"]
[PlyCount "89"]
[EventDate "2018.10.05"]
[EventType "swiss"]
[EventCountry "RUS"]
[SourceTitle "playchess.com"]
[Source "ChessBase"]
[SourceQuality "1"]
[TimeControl "900+10"]

1. d4 Nf6 2. c4 g6 3. Nc3 d5 4. Nf3 Bg7 5. Bg5 Ne4 6. Bh4 Nxc3 7. bxc3 c5 8. e3 O-O 9. cxd5 cxd4 10. cxd4 Qxd5 11. Bxe7 Re8 12. Bh4 Bg4 13. Be2 Nc6 14. O-O Rac8 15. h3 Bf5 16. Bd3 Bxd3 17. Qxd3 Nb4 18. Qb3 Qxb3 19. axb3 a6 20. Rac1 Nd3 21. Rc4 Nb2 22. Rxc8 Rxc8 23. Rb1 Nd3 24. b4 Bf8 25. b5 a5 26. Kf1 a4 27. Ke2 Nc1+ 28. Kd1 Na2 29. Ra1 Nc3+ 30. Kd2 a3 31. b6 Ne4+ 32. Ke2 f5 33. Ne1 Bb4 34. f3 Nc3+ 35. Kd3 Nb5 36. Nc2 Bc3 37. Nxa3 Bxa1 38. Nxb5 Bb2 39. Be7 Rc6 40. Bc5 Bc1 41. Nd6 Kf8 42. Nxb7+ Ke8 43. Na5 Rc8 44. b7 Rd8 45. Nc6 1-0

[Event "RUS-chT Rapid Men 2018"]
[Site "Sochi"]
[Date "2018.10.08"]
[Round "5"]
[White "Nuristani, Iman"]
[Black "Demidov, Mikhail"]
[Result "0-1"]
[ECO "D10"]
[WhiteElo "2242"]
[BlackElo "2514"]
[Annotator "ChessBase"]
[PlyCount "108"]
[EventDate "2018.10.05"]
[EventType "swiss"]
[EventCountry "RUS"]
[SourceTitle "playchess.com"]
[Source "ChessBase"]
[SourceQuality "1"]
[TimeControl "900+10"]

1. d4 d5 2. c4 c6 3. cxd5 cxd5 4. Bg5 h6 5. Bh4 Qb6 6. Nc3 e6 7. Qd2 Be7 8. Bxe7 Nxe7 9. e3 Nbc6 10. Rc1 Bd7 11. Bd3 O-O 12. Nge2 Na5 13. b3 Rfc8 14. O-O Rc7 15. Nf4 Rac8 16. Nce2 Nac6 17. Bb1 Qb4 18. Qb2 Qd6 19. Nd3 b6 20. h4 Be8 21. Nef4 f6 22. Qd2 e5 23. dxe5 fxe5 24. Ne2 Qf6 25. Nb4 Bf7 26. Nxc6 Nxc6 27. h5 e4 28. Ng3 Qe5 29. Qe2 Ne7 30. Rxc7 Rxc7 31. Rd1 Kh8 32. Qg4 Ng8 33. Qf4 Qxf4 34. exf4 Nf6 35. Kh2 Rc5 36. Nf5 Bxh5 37. Rd2 Bg6 38. Ne3 Bf7 39. g4 g5 40. Kg3 a5 41. fxg5 hxg5 42. Rd1 Be6 43. Rd2 Kg7 44. Bc2 Rc3 45. Bd1 b5 46. Be2 b4 47. Kg2 Kf7 48. Bd1 Ke7 49. Be2 Kd6 50. Nd1 Rc1 51. Ne3 Ke5 52. Kg3 d4 53. Nc4+ Bxc4 54. Bxc4 Rc3+ 0-1

[Event "RUS-chT Rapid Men 2018"]
[Site "Sochi"]
[Date "2018.10.08"]
[Round "5"]
[White "Taysayev, Timur"]
[Black "Pingin, Artem"]
[Result "0-1"]
[ECO "B86"]
[WhiteElo "2225"]
[BlackElo "1981"]
[Annotator "NA"]
[PlyCount "57"]
[EventDate "2018.10.05"]
[EventType "swiss"]
[EventCountry "RUS"]
[SourceTitle "playchess.com"]
[Source "ChessBase"]
[SourceQuality "1"]
[TimeControl "900+10"]

1. e4 c5 2. Nf3 e6 3. d4 cxd4 4. Nxd4 Nf6 5. Nc3 d6 6. Bc4 Be7 7. Qe2 a6 8. g4 h6 9. Rg1 b5 10. Bb3 Bb7 11. Bxe6 fxe6 12. Nxe6 Qc8 13. Nxg7+ Kf7 14. Nf5 Bf8 15. Bxh6 Rxh6 16. Nxh6+ Bxh6 17. g5 Qg8 18. f4 Bf8 19. O-O-O Nfd7 20. e5 dxe5 21. f5 Bc5 22. Rg3 Kf8 23. f6 Qg6 24. h4 b4 25. Na4 Ba7 26. Qc4 Bc6 27. Qxb4+ Kg8 28. Nc3 Bf2 29. Rgd3 0-1

[Event "RUS-chT Rapid Men 2018"]
[Site "Sochi"]
[Date "2018.10.08"]
[Round "5"]
[White "Garifullina, Leya"]
[Black "Basiev, Valeriy P."]
[Result "1-0"]
[ECO "B03"]
[WhiteElo "2106"]
[BlackElo "1990"]
[Annotator "NA"]
[PlyCount "58"]
[EventDate "2018.10.05"]
[EventType "swiss"]
[EventCountry "RUS"]
[SourceTitle "playchess.com"]
[Source "ChessBase"]
[SourceQuality "1"]
[TimeControl "900+10"]

1. e4 Nf6 2. e5 Nd5 3. c4 Nb6 4. d4 d6 5. exd6 cxd6 6. Nc3 g6 7. Be3 Bg7 8. Rc1 Nc6 9. d5 Ne5 10. Be2 O-O 11. b3 h5 12. h3 e6 13. dxe6 fxe6 14. Nf3 a6 15. O-O Qc7 16. Nxe5 Bxe5 17. Ne4 Rd8 18. Bg5 Bd7 19. Bxd8 Rxd8 20. Qd2 Bc6 21. Qc2 Qf7 22. Ng5 Qf6 23. f4 Bxf4 24. Rxf4 Qxg5 25. Rf2 d5 26. Rcf1 dxc4 27. Bxc4 Bd5 28. Bxd5 Nxd5 29. Qe4 e5 1-0

[Event "RUS-chT Rapid Men 2018"]
[Site "Sochi"]
[Date "2018.10.09"]
[Round "6"]
[White "Shcherbakov, Ruslan"]
[Black "Nuristani, Iman"]
[Result "1-0"]
[ECO "A05"]
[WhiteElo "2516"]
[BlackElo "2242"]
[Annotator "ChessBase"]
[PlyCount "77"]
[EventDate "2018.10.05"]
[EventType "swiss"]
[EventCountry "RUS"]
[SourceTitle "playchess.com"]
[Source "ChessBase"]
[SourceQuality "1"]
[TimeControl "900+10"]

1. Nf3 Nf6 2. c4 b6 3. g3 Bb7 4. Bg2 e6 5. O-O Be7 6. b3 O-O 7. Bb2 c5 8. e3 d6 9. Qe2 Nbd7 10. d4 Qc7 11. Rd1 d5 12. cxd5 Bxd5 13. Nc3 Bc6 14. e4 cxd4 15. Nxd4 e5 16. Nf5 Bc5 17. Nd5 Qb7 18. Rac1 Rfe8 19. Rxc5 bxc5 20. Nd6 Qb8 21. Nxe8 Qxe8 22. Nc7 Qc8 23. Nxa8 Qxa8 24. f3 Qb8 25. Bc3 Nf8 26. Bh3 h6 27. Qc4 N8d7 28. Ba5 Bb5 29. Qc3 Qb7 30. Bd8 Qb8 31. Bxf6 Nxf6 32. Qxc5 Be2 33. Rc1 Bxf3 34. Qc8+ Qxc8 35. Rxc8+ Kh7 36. Bg2 Be2 37. Rc7 a6 38. Rxf7 Kg6 39. Re7 1-0

[Event "RUS-chT Rapid Men 2018"]
[Site "Sochi"]
[Date "2018.10.09"]
[Round "6"]
[White "Usmanov, Vasily"]
[Black "Iljiushenok, Ilia"]
[Result "1/2-1/2"]
[ECO "A41"]
[WhiteElo "2453"]
[BlackElo "2539"]
[Annotator "RC"]
[PlyCount "82"]
[EventDate "2018.10.05"]
[EventType "swiss"]
[EventCountry "RUS"]
[SourceTitle "playchess.com"]
[Source "ChessBase"]
[SourceQuality "1"]
[TimeControl "900+10"]

1. d4 d6 2. Nf3 Nf6 3. g3 g6 4. Bg2 Bg7 5. O-O O-O 6. c3 Nbd7 7. Bf4 Nh5 8. Bg5 h6 9. Be3 e5 10. dxe5 dxe5 11. Na3 Qe7 12. Qa4 c6 13. Rfd1 e4 14. Nh4 Ndf6 15. Bf1 g5 16. Ng2 Bh3 17. Qc4 Nd7 18. Nc2 Nhf6 19. Bd4 c5 20. Bxf6 Nxf6 21. Nce3 Be6 22. Qa4 a6 23. Qa5 Rac8 24. h4 Rfd8 25. Qb6 Kh7 26. hxg5 hxg5 27. Ne1 Nd5 28. Nxd5 Bxd5 29. Bh3 Rc6 30. Qa5 e3 31. Bf5+ Kg8 32. Nf3 exf2+ 33. Kxf2 Re8 34. e4 Be6 35. Re1 g4 36. Nh4 Rd6 37. Re2 Bc4 38. Rae1 Bxe2 39. Rxe2 Be5 40. Qxc5 Bxg3+ 41. Kg2 Qxh4 1/2-1/2

[Event "RUS-chT Rapid Men 2018"]
[Site "Sochi"]
[Date "2018.10.09"]
[Round "6"]
[White "Vastrukhin, Oleg"]
[Black "Kryakvin, Dmitry"]
[Result "0-1"]
[ECO "A00"]
[WhiteElo "2413"]
[BlackElo "2595"]
[Annotator "ChessBase"]
[PlyCount "94"]
[EventDate "2018.10.05"]
[EventType "swiss"]
[EventCountry "RUS"]
[SourceTitle "playchess.com"]
[Source "ChessBase"]
[SourceQuality "1"]
[TimeControl "900+10"]

1. g3 e5 2. Bg2 d5 3. c3 Nf6 4. d4 Nbd7 5. dxe5 Nxe5 6. Nd2 c6 7. Ngf3 Nxf3+ 8. Nxf3 Bc5 9. O-O O-O 10. Qc2 Re8 11. c4 dxc4 12. Qxc4 Qb6 13. e3 Be6 14. Qc2 Bd5 15. Nd2 Rad8 16. Nb3 Bf8 17. Bd2 Bb4 18. Bxb4 Qxb4 19. Nd4 c5 20. Nb3 Bxg2 21. Kxg2 b6 22. Rad1 Qe4+ 23. Qxe4 Nxe4 24. Kf3 f5 25. Ke2 Kf7 26. Rxd8 Rxd8 27. Rc1 g5 28. f3 Nf6 29. Nd2 Ke6 30. a3 g4 31. Rc4 gxf3+ 32. Nxf3 Ne4 33. Ra4 a5 34. g4 Rg8 35. h3 Kd5 36. Nd2 Nxd2 37. Kxd2 fxg4 38. hxg4 c4 39. b4 Rxg4 40. Kc3 Re4 41. bxa5 b5 42. Rb4 Rxe3+ 43. Kb2 Rb3+ 44. Rxb3 cxb3 45. Kxb3 h5 46. a4 bxa4+ 47. Kxa4 Ke5 0-1

[Event "RUS-chT Rapid Men 2018"]
[Site "Sochi"]
[Date "2018.10.09"]
[Round "6"]
[White "Derjabin, Ilja"]
[Black "Antipov, Mikhail Al."]
[Result "1-0"]
[ECO "E27"]
[WhiteElo "2345"]
[BlackElo "2593"]
[Annotator "ChessBase"]
[PlyCount "89"]
[EventDate "2018.10.05"]
[EventType "swiss"]
[EventCountry "RUS"]
[SourceTitle "playchess.com"]
[Source "ChessBase"]
[SourceQuality "1"]
[TimeControl "900+10"]

1. d4 Nf6 2. c4 e6 3. Nc3 Bb4 4. a3 Bxc3+ 5. bxc3 O-O 6. f3 d5 7. e3 c6 8. cxd5 cxd5 9. Bd3 b6 10. Ne2 Ba6 11. O-O Qd7 12. e4 h6 13. e5 Ne8 14. g4 Bxd3 15. Qxd3 Nc6 16. Nf4 Rc8 17. Ra2 f6 18. Ng6 Rf7 19. exf6 Rxf6 20. g5 hxg5 21. Bxg5 Rf5 22. Rg2 Nd6 23. h4 Nf7 24. f4 Nh8 25. h5 Nxg6 26. hxg6 Qe8 27. Bh4 Rh5 28. Bg5 Ne7 29. Qe2 Qxg6 30. Bxe7 Qf7 31. Bf6 Rh7 32. Qe5 Rxc3 33. Qb8+ Qf8 34. Qxf8+ Kxf8 35. Be5 Kf7 36. f5 exf5 37. Rxf5+ Ke6 38. Rf1 g5 39. Rxg5 Rxa3 40. Rg6+ Kd7 41. Rc1 Re7 42. Rc7+ Kd8 43. Rg8+ Re8 44. Rgg7 Rf8 45. Rb7 1-0

[Event "RUS-chT Rapid Men 2018"]
[Site "Sochi"]
[Date "2018.10.09"]
[Round "6"]
[White "Jary, Sergey"]
[Black "Potkin, Vladimir"]
[Result "1/2-1/2"]
[ECO "A45"]
[WhiteElo "2286"]
[BlackElo "2597"]
[Annotator "ChessBase"]
[PlyCount "75"]
[EventDate "2018.10.05"]
[EventType "swiss"]
[EventCountry "RUS"]
[SourceTitle "playchess.com"]
[Source "ChessBase"]
[SourceQuality "1"]
[TimeControl "900+10"]

1. d4 Nf6 2. Bf4 c5 3. e3 d5 4. Nf3 Nc6 5. c3 Qb6 6. Qb3 c4 7. Qc2 Bf5 8. Qc1 Nh5 9. Be2 Nxf4 10. exf4 e6 11. O-O Bd6 12. g3 O-O 13. Nbd2 f6 14. b3 cxb3 15. Nxb3 e5 16. c4 dxc4 17. Qxc4+ Kh8 18. fxe5 fxe5 19. Ng5 Qc7 20. d5 Nd4 21. Nxd4 exd4 22. Qxc7 Bxc7 23. Ne6 Bxe6 24. dxe6 Rae8 25. Bc4 b5 26. Bxb5 Rxe6 27. Rae1 Rb6 28. Bd3 Rb2 29. Re2 Rxe2 30. Bxe2 Bb6 31. Kg2 g6 32. Bd3 Rc8 33. f4 Rc3 34. Rf3 Kg7 35. f5 gxf5 36. Bxf5 Rxf3 37. Kxf3 h6 38. Ke4 1/2-1/2

[Event "RUS-chT Rapid Men 2018"]
[Site "Sochi"]
[Date "2018.10.09"]
[Round "6"]
[White "Shkurkin, Andrey"]
[Black "Kretov, Evgenij"]
[Result "0-1"]
[ECO "A40"]
[WhiteElo "2201"]
[BlackElo "2219"]
[Annotator "NA"]
[PlyCount "72"]
[EventDate "2018.10.05"]
[EventType "swiss"]
[EventCountry "RUS"]
[SourceTitle "playchess.com"]
[Source "ChessBase"]
[SourceQuality "1"]
[TimeControl "900+10"]

1. d4 Nf6 2. c4 e6 3. g3 c5 4. d5 exd5 5. cxd5 b5 6. e4 Nxe4 7. Bg2 Nd6 8. Nf3 Be7 9. O-O O-O 10. Bf4 Bb7 11. Re1 Nc4 12. Nc3 b4 13. Ne4 d6 14. Qc2 Nb6 15. Rad1 Na6 16. Nfg5 g6 17. Qe2 c4 18. Qg4 h5 19. Qh4 Nxd5 20. Rxd5 Bxd5 21. Nf6+ Bxf6 22. Bxd5 Qd7 23. h3 Rae8 24. Rd1 Qf5 25. Bxc4 Nc5 26. Rd5 Re1+ 27. Kh2 Qc2 28. Bd2 Re4 29. Bd3 Qxd3 30. Qxe4 Qxe4 31. Nxe4 Nxe4 32. Bxb4 Rb8 33. a3 Nxf2 34. Rxd6 Be7 35. Rd7 Bxb4 36. axb4 Rxb4 0-1

[Event "RUS-chT Rapid Men 2018"]
[Site "Sochi"]
[Date "2018.10.09"]
[Round "7"]
[White "Chigaev, Maksim"]
[Black "Bocharov, Ivan"]
[Result "1-0"]
[ECO "C50"]
[WhiteElo "2599"]
[BlackElo "2563"]
[Annotator "ChessBase"]
[PlyCount "47"]
[EventDate "2018.10.05"]
[EventType "swiss"]
[EventCountry "RUS"]
[SourceTitle "playchess.com"]
[Source "ChessBase"]
[SourceQuality "1"]
[TimeControl "900+10"]

1. e4 e5 2. Nf3 Nc6 3. Bc4 Bc5 4. O-O Nf6 5. d3 d6 6. a4 a5 7. Bg5 h6 8. Bh4 g5 9. Bg3 h5 10. h4 Bg4 11. Nbd2 Nh7 12. c3 Qf6 13. Qb3 O-O-O 14. Bd5 Rhg8 15. Kh1 Rg7 16. d4 Bxf3 17. Nxf3 g4 18. Nxe5 dxe5 19. dxc5 Nf8 20. Qb5 Ng6 21. b4 axb4 22. a5 Nge7 23. a6 bxa6 24. Rxa6 1-0

[Event "RUS-chT Rapid Men 2018"]
[Site "Sochi"]
[Date "2018.10.09"]
[Round "7"]
[White "Khanin, Semen"]
[Black "Oganian, Miran"]
[Result "0-1"]
[ECO "B90"]
[WhiteElo "2510"]
[BlackElo "2435"]
[Annotator "ChessBase"]
[PlyCount "78"]
[EventDate "2018.10.05"]
[EventType "swiss"]
[EventCountry "RUS"]
[SourceTitle "playchess.com"]
[Source "ChessBase"]
[SourceQuality "1"]
[TimeControl "900+10"]

1. e4 c5 2. Nf3 d6 3. d4 cxd4 4. Nxd4 Nf6 5. Nc3 a6 6. f3 e5 7. Nb3 Be6 8. Be3 h5 9. Qd2 Nbd7 10. O-O-O Be7 11. Kb1 Rc8 12. h4 Qc7 13. Bg5 b5 14. a3 Nb6 15. Bxf6 gxf6 16. Qf2 f5 17. g3 fxe4 18. fxe4 Rg8 19. Bh3 Nc4 20. Nd5 Bxd5 21. Rxd5 Rb8 22. Rf1 Rg7 23. Rd3 a5 24. Rf3 Bd8 25. Rf5 Rh7 26. Nc1 Qb7 27. Qe2 Qxe4 28. Qd1 Be7 29. Re1 Qc6 30. Rxh5 Rxh5 31. Qxh5 Nd2+ 32. Ka1 Qxc2 33. Qh8+ Bf8 34. Rxe5+ dxe5 35. Qxe5+ Be7 36. Qxb8+ Bd8 37. Qe5+ Kf8 38. Qh8+ Ke7 39. Qc3 Qb1# 0-1

[Event "RUS-chT Rapid Men 2018"]
[Site "Sochi"]
[Date "2018.10.09"]
[Round "7"]
[White "Belyakov, Bogdan"]
[Black "Shcherbakov, Ruslan"]
[Result "1/2-1/2"]
[ECO "C47"]
[WhiteElo "2458"]
[BlackElo "2516"]
[Annotator "ChessBase"]
[PlyCount "73"]
[EventDate "2018.10.05"]
[EventType "swiss"]
[EventCountry "RUS"]
[SourceTitle "playchess.com"]
[Source "ChessBase"]
[SourceQuality "1"]
[TimeControl "900+10"]

1. e4 e5 2. Nf3 Nc6 3. Nc3 Nf6 4. Be2 d5 5. exd5 Nxd5 6. O-O Nxc3 7. bxc3 Bd6 8. d4 O-O 9. Rb1 Rb8 10. Bb5 Bg4 11. h3 Bh5 12. Bxc6 bxc6 13. Rxb8 Qxb8 14. dxe5 Bc5 15. Qe2 Re8 16. Rd1 Qc8 17. Qe4 Bxf3 18. Qxf3 Rxe5 19. Qxc6 Bb6 20. Bf4 Re6 21. Qd7 Qxd7 22. Rxd7 h5 23. Bxc7 Re1+ 24. Kh2 Bxf2 25. g4 hxg4 26. hxg4 Re2 27. Bf4 Bb6+ 28. Kg3 Rxc2 29. Be5 Rxa2 30. Bd4 Rd2 31. Kf3 f6 32. Ke3 Rg2 33. Kf3 Rc2 34. g5 fxg5 35. Rxg7+ Kf8 36. Rxg5 Bxd4 37. Ke4 1/2-1/2

[Event "RUS-chT Rapid Men 2018"]
[Site "Sochi"]
[Date "2018.10.09"]
[Round "7"]
[White "Nechaev, Oleg"]
[Black "Taysayev, Timur"]
[Result "0-1"]
[ECO "D43"]
[WhiteElo "2400"]
[BlackElo "2225"]
[Annotator "NA RC"]
[PlyCount "92"]
[EventDate "2018.10.05"]
[EventType "swiss"]
[EventCountry "RUS"]
[SourceTitle "playchess.com"]
[Source "ChessBase"]
[SourceQuality "1"]
[TimeControl "900+10"]

1. d4 Nf6 2. c4 e6 3. Nf3 d5 4. Nc3 c6 5. cxd5 cxd5 6. Bg5 Be7 7. e3 Ne4 8. Nxe4 dxe4 9. Bxe7 Qxe7 10. Nd2 f5 11. Qh5+ g6 12. Qh6 Bd7 13. Be2 Nc6 14. O-O O-O-O 15. Rfc1 Kb8 16. Nb3 e5 17. dxe5 Qxe5 18. Nc5 Bc8 19. Bb5 Nb4 20. a3 Nd3 21. Bxd3 exd3 22. Qf4 Qxf4 23. exf4 b6 24. Nb3 Rhe8 25. Rd1 Re2 26. Nd2 Ba6 27. Rac1 Rc8 28. Rxc8+ Kxc8 29. b3 Kc7 30. Kf1 Kc6 31. Nc4 Rc2 32. Ke1 Rc3 33. Nd2 Kd5 34. Rb1 Kd4 35. Kd1 Bb7 36. g3 Bd5 37. Rb2 a5 38. Rb1 b5 39. Rb2 Be4 40. Rb1 Rc2 41. Rc1 Kc3 42. Nxe4+ fxe4 43. Rxc2+ dxc2+ 44. Kc1 Kxb3 45. g4 b4 46. a4 Kc3 0-1

[Event "RUS-chT Rapid Men 2018"]
[Site "Sochi"]
[Date "2018.10.09"]
[Round "7"]
[White "Tenikashvili, Georgij"]
[Black "Rozhko, Dmitry"]
[Result "1-0"]
[ECO "D15"]
[WhiteElo "2361"]
[BlackElo "2305"]
[Annotator "NA"]
[PlyCount "49"]
[EventDate "2018.10.05"]
[EventType "swiss"]
[EventCountry "RUS"]
[SourceTitle "playchess.com"]
[Source "ChessBase"]
[SourceQuality "1"]
[TimeControl "900+10"]

1. d4 d5 2. c4 c6 3. Nc3 Nf6 4. Nf3 a6 5. cxd5 cxd5 6. Bf4 Nc6 7. e3 Bf5 8. Be2 e6 9. O-O Bb4 10. Nd2 O-O 11. Nb3 Rc8 12. Rc1 Nd7 13. a3 Be7 14. Na4 b5 15. Nac5 Nxc5 16. Nxc5 Bxc5 17. Rxc5 Na5 18. a4 Qb6 19. axb5 Rxc5 20. dxc5 Qxc5 21. bxa6 Qb6 22. Qa4 Nc4 23. a7 Ra8 24. Bb8 Nxb2 25. Qe8# 1-0

[Event "RUS-chT Rapid Men 2018"]
[Site "Sochi"]
[Date "2018.10.09"]
[Round "7"]
[White "Dilmukhametov, Artur"]
[Black "Jary, Sergey"]
[Result "1/2-1/2"]
[ECO "A45"]
[WhiteElo "2353"]
[BlackElo "2286"]
[Annotator "NA"]
[PlyCount "54"]
[EventDate "2018.10.05"]
[EventType "swiss"]
[EventCountry "RUS"]
[SourceTitle "playchess.com"]
[Source "ChessBase"]
[SourceQuality "1"]
[TimeControl "900+10"]

1. d4 Nf6 2. Nc3 d5 3. Bf4 e6 4. e3 Bd6 5. Qf3 a6 6. g4 Bxf4 7. Qxf4 Qd6 8. Qf3 h6 9. h4 Nc6 10. g5 hxg5 11. hxg5 Rxh1 12. Qxh1 Ng8 13. O-O-O Bd7 14. Qh7 Qf8 15. Nge2 O-O-O 16. Nf4 Nge7 17. a3 Qh8 18. Qxh8 Rxh8 19. Bg2 Nf5 20. Rh1 Rxh1+ 21. Bxh1 Kd8 22. Kd2 Ke7 23. Nd3 b6 24. Bf3 f6 25. gxf6+ gxf6 26. Bg4 Ng7 27. Nf4 Kd6 1/2-1/2

[Event "RUS-chT Rapid Men 2018"]
[Site "Sochi"]
[Date "2018.10.09"]
[Round "7"]
[White "Derjabin, Ilja"]
[Black "Inozemtsev, Sergei"]
[Result "0-1"]
[ECO "E20"]
[WhiteElo "2345"]
[BlackElo "2310"]
[Annotator "NA"]
[PlyCount "96"]
[EventDate "2018.10.05"]
[EventType "swiss"]
[EventCountry "RUS"]
[SourceTitle "playchess.com"]
[Source "ChessBase"]
[SourceQuality "1"]
[TimeControl "900+10"]

1. d4 e6 2. c4 Nf6 3. Nc3 Bb4 4. f3 d5 5. a3 Be7 6. e4 dxe4 7. fxe4 e5 8. d5 O-O 9. Nf3 Bg4 10. h3 Bh5 11. g4 Bg6 12. Bd3 Nbd7 13. Qe2 c6 14. O-O cxd5 15. cxd5 Ne8 16. Kg2 Nd6 17. Be3 a6 18. Rac1 h5 19. Rg1 Rc8 20. Rcf1 hxg4 21. hxg4 b5 22. Rh1 Nc4 23. Bc1 Nxa3 24. Kg3 Nf6 25. d6 Qxd6 26. Qh2 Nh7 27. Nd5 Nc4 28. Bg5 f6 29. Nh4 Qxd5 30. exd5 Bxd3 31. Nf5 Bxf5 32. Rxf5 Nxg5 33. Rxg5 fxg5 34. Qh7+ Kf7 35. Qf5+ Bf6 36. Qd7+ Kg6 37. Rc1 Rce8 38. b3 Ne3 39. d6 e4 40. Rc5 Be5+ 41. Rxe5 Rxe5 42. Qc6 Rf3+ 43. Kh2 Nxg4+ 44. Kg2 Nf6 45. d7 Rd3 46. Qc7 Red5 47. b4 Rxd7 48. Qb8 Rc3 0-1

[Event "RUS-chT Rapid Men 2018"]
[Site "Sochi"]
[Date "2018.10.09"]
[Round "7"]
[White "Uzhva, Andrey"]
[Black "Rudakov, Sergey S."]
[Result "1-0"]
[ECO "A05"]
[WhiteElo "2270"]
[BlackElo "1733"]
[Annotator "NA"]
[PlyCount "101"]
[EventDate "2018.10.05"]
[EventType "swiss"]
[EventCountry "RUS"]
[SourceTitle "playchess.com"]
[Source "ChessBase"]
[SourceQuality "1"]
[TimeControl "900+10"]

1. Nf3 Nf6 2. g3 g6 3. Bg2 Bg7 4. O-O O-O 5. c4 c6 6. Nc3 d5 7. cxd5 cxd5 8. d4 Nc6 9. Ne5 e6 10. Nxc6 bxc6 11. Na4 Nd7 12. Bf4 Ba6 13. Rc1 Rc8 14. Qd2 Re8 15. Rc2 Bb5 16. Nc3 Qb6 17. Nxb5 cxb5 18. e3 Qa6 19. Rfc1 Nb6 20. b3 Bf8 21. Bf1 Ba3 22. Rxc8 Nxc8 23. Rc7 Bd6 24. Bxd6 Nxd6 25. Qc2 Qa3 26. Qc5 Qxc5 27. dxc5 Ne4 28. Bxb5 Rb8 29. Bd7 Kf8 30. c6 Rd8 31. Rxa7 Nd6 32. c7 Rxd7 33. c8=Q+ Nxc8 34. Rxd7 Ke8 35. Rb7 Nd6 36. Ra7 Nb5 37. Ra5 Nd6 38. a4 Kd7 39. Rc5 Ne4 40. Rc2 Nd6 41. a5 Nb5 42. a6 Na7 43. b4 Kd6 44. f4 f5 45. Kf2 h6 46. Ke2 g5 47. Kd2 Nb5 48. Rc8 gxf4 49. gxf4 Kd7 50. Rb8 Nc7 51. a7 1-0

[Event "RUS-chT Rapid Men 2018"]
[Site "Sochi"]
[Date "2018.10.09"]
[Round "7"]
[White "Kozak, Alexander"]
[Black "Nazaretyan, Tigran"]
[Result "1-0"]
[ECO "B22"]
[WhiteElo "2262"]
[BlackElo "2248"]
[Annotator "NA"]
[PlyCount "123"]
[EventDate "2018.10.05"]
[EventType "swiss"]
[EventCountry "RUS"]
[SourceTitle "playchess.com"]
[Source "ChessBase"]
[SourceQuality "1"]
[TimeControl "900+10"]

1. e4 c5 2. c3 Nf6 3. e5 Nd5 4. d4 cxd4 5. Nf3 Nc6 6. Bc4 Nb6 7. Bb3 d5 8. exd6 Qxd6 9. O-O Be6 10. Na3 Bxb3 11. axb3 e6 12. Nb5 Qd7 13. Nfxd4 Nxd4 14. Nxd4 Be7 15. Qe2 O-O 16. Rd1 Rfd8 17. Bf4 Nd5 18. Bg3 Qc8 19. h3 a6 20. Rd3 Bd6 21. Bxd6 Rxd6 22. Qe5 Qd7 23. Rad1 Rd8 24. Ne2 f6 25. Qg3 e5 26. c4 Nc3 27. Rxd6 Nxe2+ 28. Kh2 Qxd6 29. Rxd6 Rxd6 30. Qf3 Rd2 31. Qxb7 Nd4 32. c5 Rc2 33. Qxa6 Rxf2 34. Qc8+ Kf7 35. Qd7+ Kg6 36. c6 Rxb2 37. Qg4+ Kf7 38. c7 f5 39. Qxd4 exd4 40. c8=Q Kf6 41. b4 Ke5 42. Qc5+ Ke4 43. Qc4 f4 44. Qe6+ Kd3 45. Qf5+ Kc3 46. Qxf4 Rxb4 47. Qc1+ Kd3 48. Qd1+ Kc3 49. Qc1+ Kd3 50. Kg3 Rc4 51. Qd1+ Kc3 52. Kf3 Rc5 53. Ke4 Rc4 54. Qd3+ Kb4 55. Kd5 Rc7 56. Qxd4+ Kb5 57. Qb2+ Ka6 58. Kd6 Rb7 59. Qa1+ Kb5 60. Qb1+ Ka6 61. Qxh7 g6 62. Qxb7+ 1-0

[Event "RUS-chT Rapid Men 2018"]
[Site "Sochi"]
[Date "2018.10.09"]
[Round "7"]
[White "Popov, Maksim M."]
[Black "Ivlev, Aleksey"]
[Result "0-1"]
[ECO "C89"]
[WhiteElo "2219"]
[BlackElo "2326"]
[Annotator "NA"]
[PlyCount "76"]
[EventDate "2018.10.05"]
[EventType "swiss"]
[EventCountry "RUS"]
[SourceTitle "playchess.com"]
[Source "ChessBase"]
[SourceQuality "1"]
[TimeControl "900+10"]

1. e4 e5 2. Nf3 Nc6 3. Bb5 a6 4. Ba4 Nf6 5. O-O Be7 6. Re1 b5 7. Bb3 O-O 8. c3 d5 9. exd5 Nxd5 10. Nxe5 Nxe5 11. Rxe5 c6 12. d3 Bd6 13. Re1 Qh4 14. g3 Qh3 15. Re4 Qf5 16. Nd2 Qg6 17. Nf3 f5 18. Rd4 Kh8 19. Bxd5 cxd5 20. Nh4 Qf7 21. Ng2 Bb7 22. a4 Be5 23. Rh4 d4 24. Qh5 Qxh5 25. Rxh5 dxc3 26. bxc3 Bxc3 27. Ra3 b4 28. Ra2 b3 29. Rb2 Bxb2 30. Bxb2 Bxg2 31. Kxg2 Rac8 32. Rh4 f4 33. Rg4 Rf7 34. Rg5 Rc2 35. Rd5 h6 36. Be5 fxg3 37. hxg3 Rcxf2+ 38. Kh3 Rb7 0-1

[Event "RUS-chT Rapid Men 2018"]
[Site "Sochi"]
[Date "2018.10.09"]
[Round "7"]
[White "Shkurkin, Andrey"]
[Black "Tatarintsev, Egor"]
[Result "1-0"]
[ECO "A40"]
[WhiteElo "2201"]
[BlackElo "2086"]
[Annotator "NA"]
[PlyCount "83"]
[EventDate "2018.10.05"]
[EventType "swiss"]
[EventCountry "RUS"]
[SourceTitle "playchess.com"]
[Source "ChessBase"]
[SourceQuality "1"]
[TimeControl "900+10"]

1. d4 e6 2. c4 b6 3. e4 Bb7 4. Bd3 Nc6 5. Nf3 Nb4 6. Nc3 Nxd3+ 7. Qxd3 Ne7 8. Bg5 f6 9. Be3 d6 10. O-O Qd7 11. b4 g5 12. d5 e5 13. c5 c6 14. dxc6 Bxc6 15. cxd6 Rd8 16. Rfd1 Nc8 17. b5 Bb7 18. Rac1 Bxd6 19. Qc4 Qf7 20. Nd5 Bxd5 21. Rxd5 Ne7 22. Rdd1 Qxc4 23. Rxc4 Kf7 24. Kf1 Ke6 25. Ke2 Rc8 26. Rdc1 Rxc4 27. Rxc4 Rd8 28. Nd2 h6 29. a4 f5 30. f3 f4 31. Bf2 Ng6 32. a5 bxa5 33. Bxa7 Bb4 34. Nb3 Ne7 35. b6 Nc8 36. Rc6+ Bd6 37. Nc5+ Ke7 38. Nb7 Rd7 39. Nxd6 Nxd6 40. Bb8 a4 41. Bxd6+ Rxd6 42. b7 1-0